 Dungeon Crawl Stone Soup version bcrawl-1.37.1 (webtiles) character file.

Game seed: 16455676247030195104

213872 Mehrunes the Reanimator (level 9, -4/45 HPs)
             Began as a Skeleton Necromancer on Oct 21, 2022.
             Was a Follower of Makhleb.
             Slain by a bullfrog (6 damage)
             ... on level 8 of the Dungeon.
             The game lasted 00:24:16 (9606 turns).

Mehrunes the Reanimator (Skeleton Necromancer)      Turns: 9606, Time: 00:24:17

Health: -4/45      AC: 18    Str: 17 (18) XL:     9   Next: 64%
Magic:  0/13       EV:  7    Int: 13 (14) God:    Makhleb [*.....]
Gold:   404        SH:  0    Dex:  7 (9)  Spells: 1/14 levels left

rFire    . . .     GDR:     28% a - +0 dagger (pain)
rCold    + . .     SeeInvis .   (no shield)
rNeg     + + +     Gourm    .   z - +0 plate armour
rPois    ∞         Faith    .   n - +0 helmet
rElec    .         Spirit   +   (no cloak)
rCorr    .         Reflect  .   f - +1 pair of gloves
MR       +....                  (no boots)
Stlth    ..........             p - amulet of guardian spirit
HPRegen  0.17/turn              d - ring of wizardry
MPRegen  0.13/turn              w - ring of stealth

@: about to teleport
A: no food or potions, cold resistance 1, deterioration 1, negative energy
resistance 3, powered by death 1, torment resistance, unbreathing, magic shield,
sturdy frame 1, spell healing
a: Minor Destruction, Renounce Religion


You were on level 8 of the Dungeon.
You worshipped Makhleb.
Makhleb was aware of your devotion.
You were not hungry.

You visited 1 branch of the dungeon, and saw 8 of its levels.

You collected 404 gold pieces.

Inventory:

Hand Weapons
 a - a +0 dagger of pain (weapon)
 c - a +1 whip of flaming
 r - a +1 dagger of venom
 s - a +0 hunting sling
 x - a +2 scythe of venom
Missiles
 t - 561 sling bullets
Armour
 b - a +0 robe
 e - a +0 leather armour
 f - a +1 pair of gloves (worn)
 n - a +0 helmet (worn)
 o - a +0 chain mail
 z - a +0 plate armour (worn)
Jewellery
 d - a ring of wizardry (left hand)
 p - an amulet of guardian spirit (around neck)
 w - a ring of stealth (right hand)
 A - an uncursed ring of flight {unknown}
Wands
 q - a wand of polymorph (4)
 B - a wand of disintegration (10)
Scrolls
 g - 3 scrolls of magic mapping {unknown}
 h - 4 scrolls of teleportation
 i - 7 scrolls of identify
 j - 2 scrolls of enchant weapon {unknown}
 k - 2 scrolls of blinking {unknown}
 l - 6 scrolls of remove curse {unknown}
 m - a scroll of fog {unknown}
 u - a scroll of amnesia {unknown}
 v - 2 scrolls of noise {unknown}
 y - a scroll of immolation {unknown}


   Skills:
 - Level 10.0 Armour
 - Level 2.0 Dodging
 - Level 2.4 Stealth
 - Level 3.0 Spellcasting
 + Level 11.2 Necromancy
 + Level 2.4 Invocations


You had one spell level left.
You knew the following spells:

 Your Spells              Type           Power        Failure   Level  Hunger
a - Necrotize             Necr           ####..       1%          1    N/A
b - Vampiric Draining     Necr           ####......   3%          3    N/A
c - Agony                 Necr           ####....     12%         4    N/A
d - Dispel Undead         Necr           ####....     32%         5    N/A

Your spell library contained the following spells:

 Spells                   Type           Power        Failure   Level  Hunger
 Static Discharge         Air            #.....       71%         1    N/A
 Animate Dead             Necr           N/A          12%         4    N/A
 Lightning Bolt           Conj/Air       #.......     100%        4    N/A
 Summon Lightning Spire   Summ/Air       #.......     100%        5    N/A
 Conjure Ball Lightning   Conj/Air       #.........   100%        6    N/A
 Chain Lightning          Conj/Air       #.........   100%        8    N/A

Dungeon Overview and Level Annotations

Branches:
Dungeon (8/12)             Temple (0/1) D:7
   Lair: D:7-9          Orc: D:8-11

Altars:
Dithmenos
Makhleb
Trog
Xom

Shops:
D:5 (

Annotations:
D:7 exclusion: manticore
D:8 Psyche


Innate Abilities, Weirdness & Mutations

You do not eat or drink.
You are immune to poison.
Your flesh is cold resistant. (rC+)
Your body sometimes deteriorates upon taking damage.
You are immune to negative energy. (rN+++)
You regenerate a little health from kills.
You are immune to unholy pain and torment.
You can survive without breathing.
When hurt, damage is shared between your health and your magic reserves.
Your movements are slightly less encumbered by armour. (ER -2)
Casting spells heals you.


Message History

The bullfrog releases a deep croak.
A centaur comes into view.
The centaur shouts!
The centaur wields a +0 shortbow.
The centaur shoots an arrow.
The arrow hits you but does no damage.
The centaur shoots an arrow.
The arrow hits you.
* * * LOW HITPOINT WARNING * * *
The centaur shoots an arrow.
The arrow hits you.
* * * LOW HITPOINT WARNING * * *
The bullfrog hits you but does no damage.
You see here a runed spear.
The bullfrog hits you but does no damage.
Found a stone staircase leading down.
The bullfrog barely misses you. The bullfrog hits you!
* * * LOW HITPOINT WARNING * * *
Your body deteriorates!
You feel clumsy.
As you read the scroll of teleportation, it crumbles to dust.
You feel strangely unstable. The bullfrog hits you!
You die...

#. #######o....#.#
...........##
######..#.###.#
#o.......# #....#####
#..### ######..#####
##########...oo.......#
#......@Fnc.###..####.#
......####..# #..#
#.### #..# #..# #.>#
#..# #..# #.c# #..#
#..# #..# ..# ..#


You could see an orc warrior, a necrophage, a bullfrog, a centaur and an orc.

Vanquished Creatures
  Sigmund (D:7)
  3 yaks (D:8)
  A basilisk (D:7)
  A crocodile (D:8)
  2 orc warriors
  A phantom (D:7)
  An ice beast (D:7)
  A sky beast (D:3)
  2 necrophages
  4 ogres
  A kobold brigand (D:4)
  3 bullfrogs
  3 scorpions
  An orc priest (D:6)
  A howler monkey (D:7)
  2 crimson imps (D:4)
  2 jellies
  A bullfrog zombie (D:5)
  5 hounds
  2 orc wizards (D:6)
  An iguana (D:6)
  Terence (D:2)
  Ijyb (D:3)
  4 worker ants
  A killer bee zombie (D:6)
  A hound zombie (D:6)
  A mummy (D:8)
  2 worker ant zombies (D:5)
  4 adders
  2 shadow imps
  An ooze (D:2)
  2 adder skeletons
  3 dart slugs (D:1)
  3 worms
  3 leopard geckos
  9 orcs
  2 bats (D:1)
  A giant cockroach (D:2)
  4 goblins
  6 hobgoblins
  7 jackals
  7 kobolds
  2 quokkas
  A ball python (D:2)
  4 frilled lizards
  A jackal skeleton (D:4)
  A quokka zombie (D:5)
  7 rats
120 creatures vanquished.

Vanquished Creatures (collateral kills)
  A kobold brigand (D:6)
  A crimson imp (D:5)
  Jessica (D:2)
  An orc wizard (D:7)
  Robin (D:2)
  A dart slug (D:2)
  2 orcs
  A goblin (D:1)
  3 jackals (D:2)
  A kobold (D:6)
  A frilled lizard (D:2)
14 creatures vanquished.

Vanquished Creatures (others)
  A withered plant (D:8)
1 creature vanquished.

Grand Total: 135 creatures vanquished

Notes
Turn   | Place    | Note
-------+----------+-------------------------------------------
     0 | D:1      | Mehrunes the Skeleton Necromancer began the quest for the
                  | Orb.
     0 | D:1      | Reached XP level 1. HP: 10/10 MP: 4/4
   107 | D:1      | Reached skill level 1 in Armour
   111 | D:1      | Reached XP level 2. HP: 12/15 MP: 4/6
   487 | D:1      | Reached skill level 5 in Necromancy
   487 | D:1      | Reached XP level 3. HP: 19/19 MP: 7/7
  1153 | D:2      | Learned a level 3 spell: Vampiric Draining
  1263 | D:2      | Noticed Jessica
  1276 | D:2      | Killed Jessica
  1277 | D:2      | Reached XP level 4. HP: 24/24 MP: 1/8
  1351 | D:2      | Noticed Robin
  1368 | D:2      | Killed Robin
  1608 | D:2      | Noticed Terence
  1615 | D:2      | Learned a level 4 spell: Agony
  1697 | D:2      | Killed Terence
  2361 | D:3      | Reached XP level 5. HP: 28/28 MP: 2/9
  2458 | D:3      | Noticed a sky beast
  2471 | D:3      | Killed a sky beast
  2472 | D:3      | Reached skill level 6 in Necromancy
  2678 | D:3      | Noticed Ijyb
  2703 | D:3      | Killed Ijyb
  2704 | D:3      | Gained mutation: You regenerate a little health from kills.
                  | [Skeleton growth]
  2704 | D:3      | Reached XP level 6. HP: 32/32 MP: 0/10
  3072 | D:4      | Found a bloodstained altar of Trog.
  3072 | D:4      | Found a burning altar of Makhleb.
  3124 | D:4      | Became a worshipper of Makhleb the Destroyer
  3201 | D:4      | Reached skill level 5 in Armour
  3328 | D:4      | Reached skill level 7 in Necromancy
  3446 | D:4      | Reached XP level 7. HP: 35/36 MP: 1/11
  3837 | D:4      | Noticed Sigmund
  4341 | D:4      | Found a shadowy altar of Dithmenos.
  4634 | D:5      | Entered Level 5 of the Dungeon
  4997 | D:5      | Reached skill level 8 in Necromancy
  5275 | D:5      | Found a shimmering altar of Xom.
  5292 | D:5      | Found Nyum's Weapon Shop.
  5670 | D:5      | Found a shimmering altar of Xom.
  5848 | D:5      | Reached XP level 8. HP: 41/41 MP: 0/12
  6128 | D:5      | Found Nyum's Weapon Shop.
  6173 | D:5      | Learned a level 5 spell: Dispel Undead
  6364 | D:6      | Reached * piety under Makhleb
  6589 | D:6      | Reached skill level 9 in Necromancy
  7514 | D:7      | Killed Sigmund
  7743 | D:7      | Noticed a manticore
  7975 | D:7      | Found a staircase to the Ecumenical Temple.
  8017 | D:7      | Reached skill level 10 in Necromancy
  8087 | D:7      | Reached XP level 9. HP: 45/45 MP: 11/13
  9300 | D:8      | Noticed a centaur warrior
  9306 | D:8      | HP: 1/45 [centaur warrior/arrow (19)]
  9533 | D:8      | Reached skill level 10 in Armour
  9533 | D:8      | Reached skill level 11 in Necromancy
  9533 | D:8      | Reached skill level 1 in Invocations
  9557 | D:8      | Noticed Psyche
  9604 | D:8      | HP: 1/45 [bullfrog (6)]
  9606 | D:8      | Slain by a bullfrog

Skill      XL: |  1  2  3  4  5  6  7  8  9 |
---------------+----------------------------+-----
Armour         | 1 2 3 4 5 7 9 10 | 10.0
Necromancy     | 5 6 7 8 10 11 | 11.2
Invocations    | 2 |  2.4
Dodging        | |  2.0
Stealth        | |  2.4
Spellcasting   | |  3.0

Action                   |  1- 3 |  4- 6 |  7- 9 || total
-------------------------+-------+-------+-------++-------
Melee: Whip              |    57 |    37 |    78 ||   172
       Dagger            |     1 |     5 |   142 ||   148
 Fire: Hunting sling     |       |     1 |   112 ||   113
 Cast: Necrotize         |    53 |    45 |   100 ||   198
       Agony             |       |     4 |    11 ||    15
       Vampiric Draining |       |    13 |    20 ||    33
       Dispel Undead     |       |       |     4 ||     4
  Use: Scroll            |       |       |     4 ||     4
 Stab: Sleeping          |     3 |       |       ||     3
Armor: Robe              |     3 |       |       ||     3
       Leather armour    |    21 |     1 |       ||    22
       Chain mail        |       |    31 |   172 ||   203
       Plate armour      |       |       |    49 ||    49
Dodge: Dodged            |    45 |    35 |   109 ||   189
